[Event "GER-ch Youth-U14w 2022"]
[Site "Willingen"]
[Date "2022.06.05"]
[Round "1.1"]
[White "Peglau, Dora"]
[Black "Hergenroeder, Cora"]
[Result "1-0"]
[ECO "D00"]
[WhiteElo "2008"]
[BlackElo "1453"]
[Annotator "TA"]
[PlyCount "89"]
[EventDate "2022.06.05"]
[EventType "swiss"]
[EventRounds "9"]
[EventCountry "GER"]
[SourceTitle "playchess.com"]
[Source "ChessBase"]
[SourceQuality "1"]
[TimeControl "40/4500+30:900+30"]

1. d4 d5 2. Nd2 Nf6 3. Ngf3 e6 4. c4 Be7 5. g3 O-O 6. Bg2 c5 7. O-O Nc6 8. dxc5 Bxc5 9. cxd5 Nxd5 10. a3 Be7 11. Qc2 {[%emt 0:03:22] E06: Closed Catalan: Early deviations.} Qb6 {[%emt 0:09:07] [#]} ({Better is} 11... Bd7 $11) 12. Nc4 $146 ({Predecessor:} 12. e4 Nf6 13. Nc4 Qa6 14. e5 Nd5 15. Ne3 Ndb4 16. Qe4 Nd3 17. Rd1 Nc5 18. Qc2 {1-0 (51) Bogosavljevic,B (2527)-Andjic,M (1957) Sutomore 2021}) 12... Qc7 {[%emt 0:02:39] [#]} 13. e4 (13. Bd2 $1 $16) 13... Nf6 (13... Na5 $11) 14. Bf4 $16 Qd8 15. Rfd1 Bd7 16. Nfe5 Qc8 17. Nxd7 {0x0.002ad8356804dp-1022s more active pieces. The black rooks are badly placed.} Nxd7 18. Nd6 Bxd6 19. Bxd6 Re8 20. Rac1 e5 $2 {[%emt 0:04:11] Black cannot hold the game after this.} (20... Nb6 $16 21. e5 Qd7 22. Bxc6 bxc6) 21. Bh3 $18 Rd8 (21... Nd4 $142 22. Qxc8 Rexc8) 22. Qd2 {[%emt 0:03:14] White is clearly winning.} Re8 23. Bb4 {[%emt 0:04:50] This bishop pair is nice.} Qd8 24. Qxd7 Qxd7 25. Bxd7 Red8 26. Bxc6 Rxd1+ 27. Rxd1 bxc6 {[%mdl 4096] Endgame KRB-KR} 28. Rd7 h6 29. Kf1 f6 30. Ke2 a6 31. Kd3 Kh7 32. Bd6 Kg6 33. Kc4 Rg8 34. b4 Kg5 35. h3 h5 36. f4+ exf4 37. Bxf4+ Kg6 38. e5 fxe5 39. Bxe5 {[%emt 0:00:08][%cal Od7g7] [#] aiming for Rxg7+!} Kh6 40. Rd6+ Kh7 41. Rxc6 Re8 42. Bd4 Ra8 43. Rc7 Rg8 44. a4 Kh6 45. Rc6+ {[%emt 0:00:15] Weighted Error Value: White=0.15 (very precise) /Black=0.61} 1-0

[Event "GER-ch Youth-U14w 2022"]
[Site "Willingen"]
[Date "2022.06.05"]
[Round "1.2"]
[White "Eichhorn, Mathilda"]
[Black "Wartenberg, Alissa"]
[Result "1-0"]
[ECO "B40"]
[WhiteElo "1330"]
[BlackElo "1741"]
[Annotator "NA RC COMBH"]
[PlyCount "76"]
[EventDate "2022.06.05"]
[EventType "swiss"]
[EventRounds "9"]
[EventCountry "GER"]
[SourceTitle "playchess.com"]
[Source "ChessBase"]
[SourceQuality "1"]
[TimeControl "40/4500+30:900+30"]

1. e4 c5 2. Nf3 e6 3. d4 cxd4 4. Nxd4 Nf6 5. Nc3 Nc6 6. Be3 Bb4 7. Nxc6 bxc6 8. Bd3 d5 9. exd5 cxd5 10. O-O O-O 11. Bg5 h6 12. Bh4 Bb7 13. a3 Bxc3 14. bxc3 e5 15. Rb1 Bc6 16. Bb5 Rc8 17. Re1 Re8 18. Qf3 e4 19. Qd1 Bxb5 20. Bxf6 Qxf6 21. Rxb5 Qxc3 22. Rxd5 Qxa3 23. h3 a5 24. Qd2 Ra8 25. Qd4 a4 26. Ra1 Qe7 27. Rxa4 Rxa4 28. Qxa4 e3 29. fxe3 Qxe3+ 30. Kh2 Re4 31. Qa8+ Kh7 32. Rf5 Qd4 33. Qb8 Re1 34. Qf4 Qg1+ 35. Kg3 Re3+ 36. Kh4 g5+ 37. Rxg5 hxg5+ 38. Qxg5 Qe1+ 1-0

[Event "GER-ch Youth-U14w 2022"]
[Site "Willingen"]
[Date "2022.06.05"]
[Round "1.3"]
[White "Trunz, Michelle"]
[Black "Steinlechner, Katja"]
[Result "1/2-1/2"]
[ECO "D20"]
[WhiteElo "1708"]
[BlackElo "1317"]
[Annotator "NA RC COMBH"]
[PlyCount "87"]
[EventDate "2022.06.05"]
[EventType "swiss"]
[EventRounds "9"]
[EventCountry "GER"]
[SourceTitle "playchess.com"]
[Source "ChessBase"]
[SourceQuality "1"]
[TimeControl "40/4500+30:900+30"]

1. d4 d5 2. c4 dxc4 3. e3 Nf6 4. Bxc4 e6 5. Nf3 a6 6. O-O b5 7. Bd3 Bb7 8. b3 Nbd7 9. Bb2 c5 10. Qe2 cxd4 11. Nxd4 Be7 12. Rd1 O-O 13. Nc3 Qb6 14. Rac1 Rfd8 15. Bb1 Rac8 16. Rc2 Ne5 17. a3 Nc6 18. Nxc6 Qxc6 19. Nd5 Qe8 20. Rxc8 Rxc8 21. Nxf6+ Bxf6 22. Bxf6 gxf6 23. Qg4+ Kh8 24. Qh4 Qg8 25. Qxf6+ Qg7 26. Rd8+ Rxd8 27. Qxd8+ Qg8 28. Qxg8+ Kxg8 29. f3 a5 30. b4 axb4 31. axb4 h6 32. e4 e5 33. Kf2 Kg7 34. Ba2 f6 35. Be6 Bc6 36. g4 Be8 37. h4 Bc6 38. Ke3 Be8 39. f4 Bc6 40. Kf3 Be8 41. fxe5 fxe5 42. g5 h5 43. Bh3 Kg6 44. Ke3 1/2-1/2

[Event "GER-ch Youth-U14w 2022"]
[Site "Willingen"]
[Date "2022.06.05"]
[Round "1.4"]
[White "Müller, Cosima"]
[Black "Braeutigam, Katerina"]
[Result "0-1"]
[ECO "B13"]
[WhiteElo "1389"]
[BlackElo "1860"]
[Annotator "NA RC COMBH"]
[PlyCount "92"]
[EventDate "2022.06.05"]
[EventType "swiss"]
[EventRounds "9"]
[EventCountry "GER"]
[SourceTitle "playchess.com"]
[Source "ChessBase"]
[SourceQuality "1"]
[TimeControl "40/4500+30:900+30"]

1. e4 c6 2. d4 d5 3. exd5 cxd5 4. Bd3 Nc6 5. c3 Nf6 6. h3 g6 7. Bg5 Bg7 8. Nf3 Bf5 9. Bxf5 gxf5 10. Nbd2 Qc7 11. Qe2 Rc8 $14 (11... Ne4 $11) 12. Nh4 Qd7 13. Qf3 e6 14. Qe2 Qe7 15. Ndf3 h6 16. Bf4 Ne4 17. g4 fxg4 18. hxg4 Qf6 19. Be5 Nxe5 20. Nxe5 a6 21. f3 Ng3 22. Qg2 Nxh1 23. Qxh1 h5 24. Ng2 hxg4 25. Qf1 gxf3 26. Nxf3 Qf5 27. Rd1 Qc2 28. Ng5 Rf8 29. Rd2 Qc1+ 30. Ke2 Qxf1+ 31. Kxf1 Bh6 32. Nf3 Bxd2 33. Nxd2 f6 34. Nf4 Kd7 35. Nb3 b6 36. a4 Kd6 37. a5 e5 38. Ng6 Rg8 39. Nh4 bxa5 40. Nc5 Rxc5 41. dxc5+ Kxc5 42. Nf5 Rb8 43. Ne3 Rxb2 44. Ke1 d4 45. cxd4+ Kxd4 46. Nf5+ Kd3 0-1

[Event "GER-ch Youth-U14w 2022"]
[Site "Willingen"]
[Date "2022.06.05"]
[Round "1.5"]
[White "Lorenz, Veronika"]
[Black "Modali, Nikhilamrutha"]
[Result "1-0"]
[ECO "B40"]
[WhiteElo "1510"]
[BlackElo "1262"]
[Annotator "NA RC COMBH"]
[PlyCount "49"]
[EventDate "2022.06.05"]
[EventType "swiss"]
[EventRounds "9"]
[EventCountry "GER"]
[SourceTitle "playchess.com"]
[Source "ChessBase"]
[SourceQuality "1"]
[TimeControl "40/4500+30:900+30"]

1. e4 c5 2. Nf3 e6 3. d3 d5 4. Nbd2 Nc6 5. g3 Nf6 6. Bg2 dxe4 7. dxe4 e5 8. O-O Be7 9. c3 O-O 10. Qe2 Rb8 11. Rd1 Qc7 12. Nf1 Be6 13. Bg5 b5 14. Bxf6 Bxf6 15. Ne3 Rfd8 16. Rxd8+ Bxd8 17. Nd5 Bxd5 18. exd5 Ne7 19. Nxe5 h6 20. Rd1 Nf5 21. Nc6 Rb7 22. Qe8+ Kh7 23. Qxd8 Qd7 24. Qxd7 Rxd7 25. Re1 1-0

[Event "GER-ch Youth-U14w 2022"]
[Site "Willingen"]
[Date "2022.06.05"]
[Round "1.6"]
[White "Ottlik, Marie"]
[Black "Mueller, Riyanna"]
[Result "1-0"]
[ECO "C50"]
[WhiteElo "1442"]
[BlackElo "1521"]
[Annotator "NA RC COMBH"]
[PlyCount "77"]
[EventDate "2022.06.05"]
[EventType "swiss"]
[EventRounds "9"]
[EventCountry "GER"]
[SourceTitle "playchess.com"]
[Source "ChessBase"]
[SourceQuality "1"]
[TimeControl "40/4500+30:900+30"]

1. e4 e5 2. Nf3 Nc6 3. Bc4 Nf6 4. d3 Bc5 5. c3 d6 6. Bb3 a5 7. a4 O-O 8. O-O h6 9. Nbd2 Be6 10. Bc2 Re8 11. Re1 Bb6 12. Nf1 Qd7 13. Be3 Bxe3 14. Nxe3 d5 15. exd5 Bxd5 16. Nxd5 Nxd5 17. Qd2 Qf5 18. d4 e4 19. Nh4 Qg4 20. g3 Nf6 21. Qe2 Qe6 22. Rad1 g5 23. Ng2 Qh3 24. Ne3 Ne7 25. Qf1 Qe6 26. f3 exf3 27. Qxf3 Qc6 28. Qxc6 Nxc6 29. Nf5 h5 30. Kg2 Rad8 31. b3 Nd5 32. c4 Ncb4 33. Bb1 Nc3 34. Rc1 Nxb1 35. Rxb1 Nc2 36. Rf1 g4 37. Nh6+ Kg7 38. Nf5+ Kf8 39. d5 1-0

[Event "GER-ch Youth-U14w 2022"]
[Site "Willingen"]
[Date "2022.06.05"]
[Round "1.7"]
[White "Bezsonna, Polina"]
[Black "Hoffmann, Sophia"]
[Result "1-0"]
[ECO "C55"]
[WhiteElo "1511"]
[BlackElo "1289"]
[Annotator "NA RC COMBH"]
[PlyCount "121"]
[EventDate "2022.06.05"]
[EventType "swiss"]
[EventRounds "9"]
[EventCountry "GER"]
[SourceTitle "playchess.com"]
[Source "ChessBase"]
[SourceQuality "1"]
[TimeControl "40/4500+30:900+30"]

1. e4 e5 2. Nf3 Nc6 3. d4 exd4 4. Bc4 Bc5 5. O-O Nf6 6. e5 d5 7. Bb5 Ne4 8. Nxd4 Bd7 9. Bxc6 Bxc6 10. Be3 Bxd4 11. Bxd4 O-O 12. Nd2 Qh4 13. Nf3 Qf4 14. g3 Qf5 15. Nh4 Qh3 16. f3 Ng5 17. f4 Ne4 18. f5 f6 19. e6 Rfe8 20. Ng2 Qh6 21. Be3 g5 22. fxg6 Qxg6 23. Nh4 Qg7 24. Nf5 Qg6 25. Nh4 Qg7 26. Qh5 Rxe6 27. Bh6 Qf7 28. Qg4+ Kh8 29. Bg7+ Qxg7 30. Qxe6 d4 31. Qh3 Qg5 32. Nf3 Qe3+ 33. Kg2 Ng5 34. Qf5 Bxf3+ 35. Rxf3 Nxf3 36. Qxf6+ Kg8 37. Qxf3 Qxf3+ 38. Kxf3 Re8 39. Rd1 c5 40. Kf2 Kf7 41. Rd3 Ke6 42. Rf3 Re7 43. Ke2 Kd5+ 44. Kd2 b5 45. Rf5+ Kd6 46. b4 c4 47. Rxb5 Rf7 48. Ke2 Re7+ 49. Kd1 Rf7 50. Rc5 c3 51. Ke2 Rd7 52. Rf5 Ke6 53. Rf3 Kd5 54. Kd3 Rb7 55. a3 Re7 56. Rf5+ Ke6 57. Rh5 Rd7 58. Rh4 Ke5 59. Re4+ Kf5 60. Rxd4 Rc7 61. Rc4 1-0

[Event "GER-ch Youth-U14w 2022"]
[Site "Willingen"]
[Date "2022.06.05"]
[Round "1.8"]
[White "Göb, Franziska"]
[Black "Jacobasch, Ronja"]
[Result "0-1"]
[ECO "B06"]
[WhiteElo "1362"]
[BlackElo "1441"]
[Annotator "NA RC COMBH"]
[PlyCount "75"]
[EventDate "2022.06.05"]
[EventType "swiss"]
[EventRounds "9"]
[EventCountry "GER"]
[SourceTitle "playchess.com"]
[Source "ChessBase"]
[SourceQuality "1"]
[TimeControl "40/4500+30:900+30"]

1. e4 g6 2. d4 Bg7 3. f4 d6 4. a3 Nd7 5. Nf3 c6 6. Nc3 Qc7 7. Be3 e5 8. Bd3 Ngf6 9. h3 O-O 10. g4 exf4 11. Bxf4 Re8 12. Qd2 Nd5 13. O-O-O Nxf4 14. Qxf4 Nf6 15. e5 dxe5 16. Nxe5 Nd5 17. Nxd5 cxd5 18. Bb5 Bxe5 19. dxe5 Qxe5 20. Rhf1 Qxf4+ 21. Rxf4 Re5 22. c4 a6 23. Ba4 Be6 24. Bb3 dxc4 25. Bxc4 Rc5 26. b3 b5 27. Kb2 bxc4 28. bxc4 Rxc4 29. Rxc4 Bxc4 30. Rd7 Be6 31. Rd4 Rb8+ 32. Rb4 Rxb4+ 33. axb4 Kg7 34. Kc3 Kf6 35. Kd4 h5 36. Ke4 hxg4 37. hxg4 Bxg4 38. Kd4 0-1

[Event "GER-ch Youth-U14w 2022"]
[Site "Willingen"]
[Date "2022.06.05"]
[Round "1.9"]
[White "Reich, Elisabeth"]
[Black "Heuberger, Sandra"]
[Result "1-0"]
[ECO "C50"]
[WhiteElo "1457"]
[BlackElo "1101"]
[Annotator "NA RC COMBH"]
[PlyCount "139"]
[EventDate "2022.06.05"]
[EventType "swiss"]
[EventRounds "9"]
[EventCountry "GER"]
[SourceTitle "playchess.com"]
[Source "ChessBase"]
[SourceQuality "1"]
[TimeControl "40/4500+30:900+30"]

1. e4 e5 2. Nf3 Nc6 3. Bc4 Nf6 4. d3 Bc5 5. O-O O-O 6. c3 Bb6 7. Bb3 d6 8. h3 Be6 9. Bxe6 fxe6 10. a4 d5 11. Qe2 Qe7 12. b4 a5 13. b5 dxe4 14. dxe4 Nd8 15. Nxe5 Nf7 16. Nxf7 Rxf7 17. Be3 c5 18. Bg5 Qc7 19. Nd2 Ba7 20. Bh4 Rd8 21. e5 Bb8 22. Nf3 Nd5 23. Bxd8 Qxd8 24. Rad1 Qe7 25. Qd3 Bc7 26. c4 Nb6 27. Ra1 Rf8 28. Qe4 Re8 29. Rfd1 Kh8 30. Rd2 Bb8 31. Rad1 Kg8 32. Qc2 Kh8 33. Re1 Rd8 34. Rxd8+ Qxd8 35. Rd1 Qe7 36. Qd2 Bc7 37. Qxa5 Kg8 38. Qd2 h6 39. Qc2 Kh8 40. Qd3 Nxa4 41. Qd7 Qxd7 42. Rxd7 Ba5 43. Rxb7 Nb6 44. Re7 Nxc4 45. Rxe6 Kg8 46. Rc6 Bb6 47. Nd2 Nxd2 48. Rxb6 Nc4 49. Rc6 Nxe5 50. Rxc5 Nd7 51. Rc6 Kf7 52. b6 Ke7 53. b7 h5 54. Rc8 g6 55. b8=Q Nxb8 56. Rxb8 Ke6 57. g4 Kf6 58. gxh5 gxh5 59. h4 Kf5 60. Rb4 Kg6 61. Kg2 Kf6 62. Kg3 Kf5 63. Rb5+ Kg6 64. Rg5+ Kh6 65. f4 Kh7 66. f5 Kh8 67. f6 Kh7 68. f7 Kh6 69. f8=Q+ Kh7 70. Qg7# 1-0

[Event "GER-ch Youth-U14w 2022"]
[Site "Willingen"]
[Date "2022.06.05"]
[Round "1.10"]
[White "Bursan, Ana-Maria"]
[Black "Haug, Mara"]
[Result "1-0"]
[ECO "B30"]
[WhiteElo "1329"]
[BlackElo "1394"]
[Annotator "NA RC COMBH"]
[PlyCount "91"]
[EventDate "2022.06.05"]
[EventType "swiss"]
[EventRounds "9"]
[EventCountry "GER"]
[SourceTitle "playchess.com"]
[Source "ChessBase"]
[SourceQuality "1"]
[TimeControl "40/4500+30:900+30"]

1. e4 c5 2. Nf3 Nc6 3. Bc4 g6 4. c3 Bg7 5. d4 cxd4 6. cxd4 Qb6 7. e5 Qb4+ 8. Nbd2 f6 9. Qe2 fxe5 10. dxe5 e6 11. O-O Nge7 12. b3 O-O 13. Bb2 Nf5 14. a3 Qb6 15. Rfd1 d5 16. Bd3 Nfd4 17. Nxd4 Nxd4 18. Qe3 Nc6 19. Qg3 Bd7 20. b4 a6 21. Nf3 Rac8 22. Qh3 Ne7 23. Bd4 Qd8 24. Ng5 h6 25. Nxe6 Qe8 26. Nxg7 Bxh3 27. Nxe8 Rcxe8 28. gxh3 Kh7 29. Rac1 Nc6 30. Bb2 Rf7 31. Re1 Rfe7 32. f4 Rf7 33. Rf1 Ref8 34. Kg2 Rxf4 35. Rxf4 Rxf4 36. Kg3 Rf7 37. Rc5 Rd7 38. Bxa6 Nxe5 39. Bxe5 bxa6 40. Kf3 Kg8 41. Ke3 Kf7 42. Kd4 Ke6 43. Rc6+ Kf5 44. Rxa6 Re7 45. Rf6+ Kg5 46. Kxd5 1-0

[Event "GER-ch Youth-U14w 2022"]
[Site "Willingen"]
[Date "2022.06.05"]
[Round "1.11"]
[White "Fock, Madiha"]
[Black "Brandt, Greta"]
[Result "1-0"]
[ECO "C04"]
[WhiteElo "1468"]
[BlackElo "1458"]
[Annotator "NA RC COMBH"]
[PlyCount "65"]
[EventDate "2022.06.05"]
[EventType "swiss"]
[EventRounds "9"]
[EventCountry "GER"]
[SourceTitle "playchess.com"]
[Source "ChessBase"]
[SourceQuality "1"]
[TimeControl "40/4500+30:900+30"]

1. e4 e6 2. d4 d5 3. Nd2 Nc6 4. Ngf3 Nf6 5. e5 Nd7 6. Be2 f6 7. exf6 Nxf6 8. O-O Bd6 9. c4 b6 10. cxd5 exd5 11. Bb5 Bd7 12. Bxc6 Bxc6 13. Re1+ Be7 14. Ne5 Qd6 15. Nf1 Nd7 16. Nxc6 Qxc6 17. Bg5 Nf6 18. Rc1 Qd6 19. Ng3 Qd7 20. Bxf6 gxf6 21. Qc2 O-O-O 22. Qe2 Rde8 23. Qa6+ Kb8 24. Re3 Bb4 25. Rb3 Re1+ 26. Rxe1 Bxe1 27. Ra3 c6 28. Qe2 Bb4 29. Re3 Bd6 30. Re6 Bxg3 31. hxg3 f5 32. Qe5+ Ka8 33. Qxh8+ 1-0

[Event "GER-ch Youth-U14w 2022"]
[Site "Willingen"]
[Date "2022.06.05"]
[Round "1.12"]
[White "Margaryan, Sofia"]
[Black "Flierl, Veronika"]
[Result "0-1"]
[ECO "D35"]
[WhiteElo "1181"]
[BlackElo "1427"]
[Annotator "NA RC COMBH"]
[PlyCount "130"]
[EventDate "2022.06.05"]
[EventType "swiss"]
[EventRounds "9"]
[EventCountry "GER"]
[SourceTitle "playchess.com"]
[Source "ChessBase"]
[SourceQuality "1"]
[TimeControl "40/4500+30:900+30"]

1. d4 d5 2. c4 e6 3. Nc3 Nf6 4. cxd5 exd5 5. Bf4 Bd6 6. Bxd6 Qxd6 7. Nf3 Bf5 8. e3 O-O 9. Be2 Nc6 10. a3 a6 11. O-O Rfe8 12. Qd2 Na5 13. Qd1 Qb6 14. b4 Nc6 15. Na4 Qa7 16. Rc1 Qb8 17. Nc5 a5 18. b5 Ne7 19. Ne5 Ng6 20. Ng4 Ne4 21. Nxe4 Bxe4 22. Bd3 Qc8 23. f3 Bxd3 24. Qxd3 Qd7 25. a4 Rac8 26. Rc5 Qe6 27. Kf2 Ne7 28. h3 b6 29. Rc2 c6 30. bxc6 Rxc6 31. Rxc6 Qxc6 32. Ra1 Ng6 33. Qb5 Qe6 34. Re1 Rc8 35. Re2 Rb8 36. g3 h5 37. Nh2 Qxh3 38. Nf1 Qe6 39. Qb3 Qd6 40. Ra2 Ne7 41. Qd3 Nc6 42. Qf5 g6 43. Qg5 Nb4 44. Rd2 Qd7 45. Qf4 Rc8 46. Qf6 Rc6 47. Qe5 Re6 48. Qf4 Qxa4 49. Qb8+ Kg7 50. Qf4 Qb5 51. Kg1 Nd3 52. Qg5 Rf6 53. f4 a4 54. Ra2 Qb3 55. Ra1 a3 56. Rxa3 Qxa3 57. Qxd5 Qb2 58. Qf3 Rd6 59. Qd1 Qf2+ 60. Kh1 Ne1 61. Qxe1 Qxe1 62. Kg2 Qe2+ 63. Kg1 Rc6 64. d5 Rc2 65. Kh1 Qg2# 0-1

[Event "GER-ch Youth-U14w 2022"]
[Site "Willingen"]
[Date "2022.06.05"]
[Round "1.13"]
[White "Englert, Lin"]
[Black "Marrufo, Emilia"]
[Result "1-0"]
[ECO "D32"]
[WhiteElo "1503"]
[BlackElo "998"]
[Annotator "NA RC COMBH"]
[PlyCount "109"]
[EventDate "2022.06.05"]
[EventType "swiss"]
[EventRounds "9"]
[EventCountry "GER"]
[SourceTitle "playchess.com"]
[Source "ChessBase"]
[SourceQuality "1"]
[TimeControl "40/4500+30:900+30"]

1. d4 d5 2. c4 e6 3. Nc3 c5 4. cxd5 cxd4 5. Qxd4 Nc6 6. Qd1 exd5 7. Qxd5 Be6 8. Qxd8+ Rxd8 9. Bd2 Nf6 10. Nf3 Bb4 11. e3 O-O 12. Be2 Rfe8 13. O-O Bg4 14. Rfd1 Ne4 15. Nxe4 Rxe4 16. Bxb4 Rxb4 17. Rxd8+ Nxd8 18. Rd1 Nc6 19. b3 a5 20. h3 Be6 21. Nd4 h6 22. Nxe6 fxe6 23. Bc4 Kf7 24. Rd7+ Kf6 25. Rd6 Ne5 26. Rxe6+ Kf5 27. g4+ Ke4 28. f3+ Kxf3 29. Rxe5 Rb6 30. Re6 Rxe6 31. Bxe6 Kxe3 32. a4 b6 33. Kg2 g5 34. Kg3 Ke4 35. Bf5+ Ke5 36. Kf3 Kf6 37. Ke4 Ke7 38. Ke5 Ke8 39. Kf6 Kf8 40. Kg6 Kg8 41. Kxh6 Kf7 42. Kxg5 Kg7 43. h4 Kg8 44. Kh6 Kh8 45. g5 Kg8 46. g6 Kf8 47. g7+ Kf7 48. Bg6+ Kf6 49. g8=Q Ke5 50. Qc4 Kf6 51. Qd5 Ke7 52. Qc6 Kd8 53. Be8 Ke7 54. Kg7 Kd8 55. Qd7# 1-0

[Event "GER-ch Youth-U14w 2022"]
[Site "Willingen"]
[Date "2022.06.05"]
[Round "1.14"]
[White "Funke, Luise"]
[Black "Stepanjan, Marianne"]
[Result "0-1"]
[ECO "B80"]
[WhiteElo "970"]
[BlackElo "1489"]
[Annotator "NA RC COMBH"]
[PlyCount "38"]
[EventDate "2022.06.05"]
[EventType "swiss"]
[EventRounds "9"]
[EventCountry "GER"]
[SourceTitle "playchess.com"]
[Source "ChessBase"]
[SourceQuality "1"]
[TimeControl "40/4500+30:900+30"]

1. e4 c5 2. Nf3 d6 3. d4 cxd4 4. Nxd4 Nf6 5. Nc3 e6 6. Qf3 a6 7. Be3 Qc7 8. Bd3 Nc6 9. O-O-O Bd7 10. g4 Ne5 11. Qg3 Nfxg4 12. Bf4 Nf6 13. Be2 b5 14. Bxe5 dxe5 15. h4 Rc8 16. Nf3 Nxe4 17. Qh2 Nxc3 18. bxc3 Qxc3 19. Rd2 Qa1# 0-1

[Event "GER-ch Youth-U14w 2022"]
[Site "Willingen"]
[Date "2022.06.05"]
[Round "1.15"]
[White "Margaryan, Venera"]
[Black "Lorenz, Rebecca"]
[Result "1-0"]
[ECO "D20"]
[WhiteElo "1477"]
[BlackElo "733"]
[Annotator "NA RC COMBH"]
[PlyCount "29"]
[EventDate "2022.06.05"]
[EventType "swiss"]
[EventRounds "9"]
[EventCountry "GER"]
[SourceTitle "playchess.com"]
[Source "ChessBase"]
[SourceQuality "1"]
[TimeControl "40/4500+30:900+30"]

1. d4 d5 2. c4 dxc4 3. e3 Nf6 4. Bxc4 e6 5. Nf3 Nc6 6. Nc3 Bb4 7. Bd2 O-O 8. a3 Ba5 9. O-O Re8 10. Qc2 e5 11. Ng5 Re7 12. Nd5 Bxd2 13. Nxf6+ gxf6 14. Qxh7+ Kf8 15. Qh8# 1-0

[Event "GER-ch Youth-U14w 2022"]
[Site "Willingen"]
[Date "2022.06.05"]
[Round "2.1"]
[White "Fock, Madiha"]
[Black "Peglau, Dora"]
[Result "0-1"]
[ECO "B40"]
[WhiteElo "1468"]
[BlackElo "2008"]
[Annotator "TA"]
[PlyCount "56"]
[EventDate "2022.06.05"]
[EventType "swiss"]
[EventRounds "9"]
[EventCountry "GER"]
[SourceTitle "playchess.com"]
[Source "ChessBase"]
[SourceQuality "1"]
[TimeControl "40/4500+30:900+30"]

1. e4 c5 2. Nf3 e6 3. g3 Nc6 4. Bg2 a6 5. O-O b5 6. d3 {[%emt 0:00:00] B40: Sicilian: 2...e6, Unusual lines.} Bb7 7. Qe2 d6 {[%emt 0:00:00] [#]} 8. Be3 $146 {[%emt 0:07:20] White has an edge.} ({Predecessor:} 8. c3 Nf6 9. d4 cxd4 10. cxd4 d5 11. e5 Nd7 12. h4 Be7 13. Rd1 Rc8 14. Nbd2 {1-0 (38) Rustemov,A (2550)-Moskalenko,V (2485) Swidnica 1997}) 8... Nf6 9. Nfd2 Be7 10. f4 O-O 11. c4 ({Better is} 11. c3 $11) 11... d5 (11... bxc4 $15 12. Nxc4 d5) 12. e5 $14 Ne8 13. cxb5 (13. cxd5 $14 exd5 14. Rc1) 13... axb5 $11 14. Bf2 c4 {[%emt 0:05:02] Inhibits Nb3.} 15. dxc4 bxc4 16. Rd1 Ba6 {[%emt 0:05:27][%cal Oc4c3] [#] ...c3! is the strong threat.} 17. Nc3 Qc8 18. Nf3 Nb4 19. Ne1 Bc5 ({Black should play} 19... Nc7 $15) 20. a3 Bxf2+ 21. Qxf2 Nc6 22. Nf3 Qb7 23. Na4 Nc7 24. Nc5 Qb5 25. Nxa6 (25. Bf1 $11 {keeps the balance.}) 25... Nxa6 $17 26. Nd4 (26. b4 $17) 26... Nxd4 $19 27. Qxd4 Nc5 {[%emt 0:01:09] [#] Hoping for ...Nb3.} 28. Bf1 $2 (28. Rab1) 28... Nb3 $1 {[%emt 0:00:35][%csl LRa1,LRd4] Weighted Error Value: White=0.51/Black=0.19 (very precise)} 0-1

[Event "GER-ch Youth-U14w 2022"]
[Site "Willingen"]
[Date "2022.06.05"]
[Round "2.2"]
[White "Wartenberg, Alissa"]
[Black "Englert, Lin"]
[Result "1-0"]
[ECO "B38"]
[WhiteElo "1741"]
[BlackElo "1503"]
[Annotator "NA RC COMBH"]
[PlyCount "73"]
[EventDate "2022.06.05"]
[EventType "swiss"]
[EventRounds "9"]
[EventCountry "GER"]
[SourceTitle "playchess.com"]
[Source "ChessBase"]
[SourceQuality "1"]
[TimeControl "40/4500+30:900+30"]

1. e4 c5 2. Nf3 Nc6 3. d4 cxd4 4. Nxd4 g6 5. c4 Bg7 6. Be3 Nf6 7. Nc3 O-O 8. f3 d6 9. Qd2 a6 10. O-O-O Bd7 11. g4 Rc8 12. h4 h5 13. gxh5 Nxh5 14. Be2 Nxd4 15. Bxd4 Be6 16. Bxg7 Kxg7 17. f4 Ng3 18. Rhg1 Nxe2+ 19. Qxe2 Bxc4 20. Qg2 Rh8 21. Kb1 Rxh4 22. f5 Rh6 23. fxg6 Rxg6 24. Qh3 Qh8 25. Qf5 Be6 26. Rxg6+ fxg6 27. Qxe6 Qe8 28. Nd5 Rc5 29. Rg1 Qf7 30. Qxe7 Qxe7 31. Nxe7 g5 32. Nf5+ Rxf5 33. exf5 Kf6 34. Rf1 g4 35. Kc2 g3 36. Rg1 Kxf5 37. Rxg3 1-0

[Event "GER-ch Youth-U14w 2022"]
[Site "Willingen"]
[Date "2022.06.05"]
[Round "2.3"]
[White "Braeutigam, Katerina"]
[Black "Margaryan, Venera"]
[Result "1-0"]
[ECO "C00"]
[WhiteElo "1860"]
[BlackElo "1477"]
[Annotator "NA RC COMBH"]
[PlyCount "73"]
[EventDate "2022.06.05"]
[EventType "swiss"]
[EventRounds "9"]
[EventCountry "GER"]
[SourceTitle "playchess.com"]
[Source "ChessBase"]
[SourceQuality "1"]
[TimeControl "40/4500+30:900+30"]

1. e4 e6 2. d3 d5 3. Qe2 dxe4 4. dxe4 b6 5. Nf3 Bb7 6. c4 g6 7. Nc3 Bg7 $11 8. Bd2 Nd7 9. O-O-O Qe7 10. Bg5 Qc5 11. Nb5 a6 12. Qd2 Qc6 13. Nfd4 Bxd4 14. Nxd4 Qd6 15. Qc3 Qe5 16. f4 Qg7 17. Qd2 Bc8 18. e5 Nh6 19. Be2 O-O 20. Bf3 Rb8 21. Nc6 Ra8 22. Ne7+ Kh8 23. Bxa8 f6 24. Nxc8 fxg5 25. Qxd7 Qxd7 26. Rxd7 Rxc8 27. fxg5 Ng4 28. Bb7 Rb8 29. Rxc7 Nxe5 30. Bxa6 Rd8 31. Rd1 Nd3+ 32. Kb1 e5 33. Rc8 Rxc8 34. Bxc8 e4 35. Bb7 Nf2 36. Rd7 e3 37. Bd5 1-0

[Event "GER-ch Youth-U14w 2022"]
[Site "Willingen"]
[Date "2022.06.05"]
[Round "2.4"]
[White "Flierl, Veronika"]
[Black "Lorenz, Veronika"]
[Result "0-1"]
[ECO "C50"]
[WhiteElo "1427"]
[BlackElo "1510"]
[Annotator "NA RC COMBH"]
[PlyCount "94"]
[EventDate "2022.06.05"]
[EventType "swiss"]
[EventRounds "9"]
[EventCountry "GER"]
[SourceTitle "playchess.com"]
[Source "ChessBase"]
[SourceQuality "1"]
[TimeControl "40/4500+30:900+30"]

1. e4 e5 2. Nf3 Nc6 3. Bc4 Nf6 4. d3 Bc5 5. c3 d5 6. exd5 Nxd5 7. O-O O-O 8. Re1 Bg4 9. Nbd2 Nb6 10. Bb3 Qxd3 11. h3 Bxf3 12. Qxf3 Qxf3 13. Nxf3 Bd6 14. Bg5 Na5 15. Bc2 f6 16. Be3 Nbc4 17. Bc1 Kh8 18. Re4 f5 19. Re2 Nc6 20. Ba4 Rae8 21. Bb3 Nb6 22. Ng5 Re7 23. Be3 h6 24. Nf3 e4 25. Nd4 Nxd4 26. Bxd4 c5 27. Be3 f4 28. Bd2 Rfe8 29. Rae1 c4 30. Bc2 e3 31. fxe3 fxe3 32. Rxe3 Bc5 33. Kf2 Nd5 34. Ba4 Rf8+ 35. Ke2 Bxe3 36. Bxe3 Rxe3+ 37. Kd2 Rf2+ 38. Kd1 Rxe1+ 39. Kxe1 Rxb2 40. Kf1 Nxc3 41. Bd7 Nxa2 42. Be6 c3 43. Bxa2 Rxa2 44. Ke1 Ra1+ 45. Kf2 c2 46. Kg3 c1=Q 47. Kh4 Qg5# 0-1